 Dungeon Crawl Stone Soup version 0.29-a0-575-g0dc89cf053 (webtiles) character file.

Game seed: 11516526606361853431

72 polve the Cutter (level 4, -1/35 HPs)
             Began as a Demonspawn Abyssal Knight on June 12, 2022.
             Was a Believer of Lugonu.
             Slain by an orc
             ... wielding a +0 flail
              (7 damage)
             ... on level 3 of the Dungeon.
             The game lasted 00:02:10 (2680 turns).

polve the Cutter (Demonspawn Abyssal Knight)        Turns: 2680, Time: 00:02:11

Health: -1/35      AC:  8    Str: 16    XL:     4   Next: 7%
Magic:  5/5        EV: 10    Int: 11    God:    Lugonu [**....]
Gold:   107        SH:  0    Dex: 13    Spells: 3/3 levels left

rFire   + . .      SeeInvis .   a - +1 short sword
rCold   + . .      Faith    .   (no shield)
rNeg    . . .      Spirit   .   d - +0 ring mail
rPois   .          Reflect  .   (no helmet)
rElec   .          Harm     .   g - scarf {rC+ rF+}
rCorr   .          Rampage  .   c - +0 pair of gloves
Will    .....                   (no boots)
Stlth   +.........              (no amulet)
HPRegen 0.11/turn               (no ring)
MPRegen 0.09/turn               (no ring)

@: no status effects
A: yellow scales 1, powered by death 1, powered by pain 1
a: Renounce Religion, Depart the Abyss, Bend Space


You were on level 3 of the Dungeon.
You worshipped Lugonu.
Lugonu was pleased with you.
You visited 1 branch of the dungeon, and saw 3 of its levels.
You visited the Abyss 1 time.

You collected 107 gold pieces.

Inventory:

Hand Weapons
 a - a +1 short sword (weapon)
Armour
 b - a +0 leather armour
 c - a +0 pair of gloves (worn)
 d - a +0 ring mail (worn)
 g - a scarf of resistance (worn)
Jewellery
 l - a +4 ring of evasion
 m - a ring of flight
Scrolls
 e - a scroll of torment {unknown}
 f - 2 scrolls of noise {unknown}
 h - a scroll of identify {unknown}
 k - a scroll of blinking {unknown}
 n - a scroll of teleportation {unknown}
Potions
 i - 2 potions of brilliance {unknown}
 j - a potion of might {unknown}


   Skills:
 + Level 3.0 Fighting
 - Level 4.0 Short Blades
 - Level 1.7 Armour
 - Level 0.8 Dodging
 - Level 2.4 Invocations


You had 3 spell levels left.
You didn't know any spells.
Your spell library contained the following spells:

 Spells                   Type           Power      Damage    Failure   Level
 Static Discharge         Conj/Air       0%         N/A       69%         2
 Stone Arrow              Conj/Erth      0%         3d7       89%         3
 Animate Armour           Summ/Erth      0%         N/A       100%        4
 Lightning Bolt           Conj/Air       0%         1d11      100%        5
 Lehudib's Crystal Spear  Conj/Erth      0%         10d2      100%        8
 Maxwell's Capacitive Co  Air            0%         ∞         100%        8


Dungeon Overview and Level Annotations

Branches:
Dungeon (3/15)

Altars:
Wu Jian

Shops:
D:2 *


Innate Abilities, Weirdness & Mutations

You are partially covered in yellow scales. (AC +2)
You regenerate a little health from kills.
You sometimes gain a little power by taking damage.


Message History

The endoplasm closely misses you. The orc barely misses you.
The orc hits you with a +0 flail.
You hit the orc.
You kill the orc!
Lugonu accepts your kill. The orc barely misses you.
The endoplasm hits you but does no damage.
You hit the orc.
The orc is heavily wounded.
You closely miss the orc.
The orc is heavily wounded.
The orc misses you. The endoplasm freezes you.
You are frozen.
You resist.
You hit the orc but do no damage.
The orc is heavily wounded.
The orc hits you with a +0 flail. The endoplasm completely misses you.
You hit the orc.
The orc is severely wounded.
The orc hits you with a +0 flail. The endoplasm freezes you.
You are frozen.
You resist.
You barely miss the orc.
The orc is severely wounded.
The orc hits you with a +0 flail. The endoplasm hits you.
You barely miss the orc.
The orc is severely wounded.
The orc hits you with a +0 flail.
* * * LOW HITPOINT WARNING * * *
The endoplasm misses you.
You hit the orc but do no damage.
The orc is severely wounded.
The orc completely misses you. The endoplasm freezes you.
You are frozen.
You resist.
* * * LOW HITPOINT WARNING * * *
You closely miss the orc.
The orc is severely wounded.
The orc hits you with a +0 flail!
You die...

#.#.##.. ## # #.#.# #.#
#.#.##.##.###. #.#.# #.#
#.#.##.#...#. ....# #†#
#.#.#)...# .# ##.#####.#
#.#..###.##.####............
#.#.## ##................#.#
#.# #..###### ######.#.# #.#
##..### #.#.. ... #..o@J#
#.### ##....####)...... ..
#.#.# .#####. ## .#. .# # .#
.# .# .#


You could see an orc and an endoplasm.

Vanquished Creatures
  A worm (D:2)
  2 dart slugs (D:1)
  3 orcs (D:3)
  3 bats
  6 endoplasms
  A giant cockroach (D:2)
  8 goblins
  6 hobgoblins
  4 kobolds
  2 quokkas
  11 ball pythons
  4 frilled lizards
  6 rats
57 creatures vanquished.

Notes
Turn   | Place    | Note
-------+----------+-------------------------------------------
     0 | Abyss:1  | polve the Demonspawn Abyssal Knight began the quest for the
                  | Orb.
     0 | Abyss:1  | Reached XP level 1. HP: 18/18 MP: 2/2
    35 | Abyss:3  | Found a corrupted altar of Lugonu.
    63 | Abyss:3  | Noticed a wretched star
    66 | D:1      | Escaped the Abyss
   163 | D:1      | You fall into a shaft and drop 1 floor!
   176 | D:2      | Reached skill level 2 in Short Blades
   568 | D:1      | Reached ** piety under Lugonu
   574 | D:1      | Gained mutation: You are partially covered in yellow
                  | scales. (AC +2) [demonic ancestry]
   574 | D:1      | Reached XP level 2. HP: 19/24 MP: 3/3
  1017 | D:1      | Reached skill level 3 in Short Blades
  1141 | D:1      | Gained mutation: You regenerate a little health from kills.
                  | [demonic ancestry]
  1141 | D:1      | Reached XP level 3. HP: 28/29 MP: 4/4
  1388 | D:2      | Found a faded altar of an unknown god.
  1530 | D:2      | Found Xosiv's General Store.
  2271 | D:3      | Found an ornate altar of the Wu Jian Council.
  2661 | D:3      | Gained mutation: You sometimes gain a little power by
                  | taking damage. [demonic ancestry]
  2661 | D:3      | Reached XP level 4. HP: 35/35 MP: 5/5
  2664 | D:3      | Reached skill level 4 in Short Blades
  2680 | D:3      | Slain by an orc

Illustrated notes

Levels and vault maps discovered:
D:1:      matt_arrival_refuge, layout_rooms, minmay_misc_feat_enclosed,
          chequers_serial_rivers_micro_a, minmay_misc_feat_chi, minivault_11,
          minmay_tetromino_i4
D:2:      layout_rooms, serial_shops, shop_statue,
          nicolae_ecumenical_snake_handling, chequers_serial_rivers_large_a,
          minmay_distorted
D:3:      layout_loops_ring, mainiacjoe_overflow_boulevard,
          lightli_sewer_entry_pipes, st_stairs_12, uniq_crazy_yiuf_cottage

Skill      XL: |  1  2  3  4 |
---------------+-------------+-----
Short Blades   | 2 3 4 |  4.0
Fighting       | |  3.0
Armour         | |  1.7
Dodging        | |  0.8
Invocations    | |  2.4

Action                   |  1- 3 |  4- 6 || total
-------------------------+-------+-------++-------
Melee: Short sword       |   187 |    19 ||   206
       Punch             |     1 |       ||     1
Invok: Depart the Abyss  |     1 |       ||     1
Armor: Leather armour    |    14 |       ||    14
       Ring mail         |    79 |     8 ||    87
Dodge: Dodged            |   114 |    15 ||   129

Table legend: (Time is in decaauts)
 A = Elapsed time spent in this place.
 B = Non-inter-level travel time spent in this place.
 C = Inter-level travel time spent in this place.
 D = Time resting spent in this place.
 E = Time spent auto-exploring this place.
 F = Levels seen in this place.
 G = Mean time per level.
                   A        B        C        D        E       F      G
               +--------+--------+--------+--------+--------+-----+--------+
         Total |   2675 |   2632 |     43 |      0 |   2197 |   6 |  445.8 |
       Dungeon |   2610 |   2567 |     43 |      0 |   2157 |   3 |  870.0 |
         Abyss |     65 |     65 |      0 |      0 |     40 |   3 |   21.7 |
               +--------+--------+--------+--------+--------+-----+--------+

Top non-repeatable levels by time:
     D:1: 1115 daAuts
     D:2: 1007 daAuts
     D:3: 487 daAuts
 Abyss:3: 30 daAuts
 Abyss:1: 26 daAuts
 Abyss:2: 8 daAuts
